 Dungeon Crawl Stone Soup version 0.27-a0-972-gd1521fd518 (webtiles) character file.

Game seed: 17875342079409263918

57 leviel the Skirmisher (level 3, 0/55 HPs)
             Began as a Minotaur Fighter on Apr 13, 2021.
             Slain by a goblin
             ... wielding a +0 dagger
             ... led by Robin
              (4 damage)
             ... on level 2 of the Dungeon.
             The game lasted 00:01:09 (906 turns).

leviel the Skirmisher (Minotaur Fighter)             Turns: 906, Time: 00:01:09

Health: 0/55       AC: 21    Str: 21    XL:     3   Next: 73%
Magic:  2/2        EV: -1    Int:  5    God:
Gold:   6          SH:  9    Dex:  9    Spells: 2/2 levels left

rFire    . . .     SeeInvis .   a - +0 war axe
rCold    . . .     Faith    .   c - +0 kite shield
rNeg     + + +     Spirit   .   (armour currently unavailable)
rPois    +         Reflect  .   (helmet currently unavailable)
rElec    .         Harm     .   (cloak currently unavailable)
rCorr    .         Rampage  .   (gloves currently unavailable)
Will     .....     NoTele   +   (boots currently unavailable)
Stlth    +.........             (no amulet)
HPRegen  0.18/turn              (no ring)
MPRegen  0.08/turn              (no ring)

@: tree-form, constricted
A: stationary, stasis, torment immunity, boosted hp, (horns 2), (retaliatory
headbutt)
a: no special abilities


You were on level 2 of the Dungeon.
You were a tree.
You visited 1 branch of the dungeon, and saw 2 of its levels.

You collected 6 gold pieces.

Inventory:

Hand Weapons
 a - a +0 war axe (weapon)
Armour
 b - a +0 scale mail (melded)
 c - a +0 kite shield (worn)
Jewellery
 f - a ring of ice
Potions
 e - a potion of flight {unknown}


   Skills:
 * Level 5.7 Fighting
 - Level 2.4 Axes
 - Level 3.6 Armour
 - Level 3.6 Shields


You had 2 spell levels left.
You didn't know any spells.
Your spell library contained the following spells:

 Spells                   Type           Power      Damage    Failure   Level
 Animate Skeleton         Necr           0%         N/A       93%         1
 Apportation              Tloc           0%         N/A       93%         1
 Corona                   Hex            0%         N/A       93%         1
 Magic Dart               Conj           0%         1d3       93%         1
 Summon Small Mammal      Summ           0%         N/A       93%         1
 Blink                    Tloc           N/A        N/A       98%         2
 Call Imp                 Summ           0%         N/A       98%         2
 Slow                     Hex            0%         N/A       98%         2
 Conjure Flame            Conj/Fire      0%         6-21      100%        3
 Mephitic Cloud           Conj/Pois/Air  0%         N/A       100%        3


Dungeon Overview and Level Annotations

Branches:
Dungeon (2/15)

Altars:


Innate Abilities, Weirdness & Mutations

You are a tree.
Your roots penetrate the ground, keeping you stationary.
You cannot be teleported.
You are immune to unholy pain and torment.
Your maximum health is greatly increased.
Your equipment is partially melded.
((You have a pair of horns on your head.))
((You reflexively headbutt those who attack you in melee.))


Message History

You completely miss the hobgoblin.
The hobgoblin hits you but does no damage.
You block the hobgoblin's attack.
You closely miss the hobgoblin.
The goblin no longer looks unusually strong.
The hobgoblin hits you but does no damage.
A ball python comes into view.
The hobgoblin hits you but does no damage.
You closely miss the hobgoblin.
The ball python hisses angrily.
The hobgoblin hits you but does no damage.
You slash the hobgoblin!
You kill the hobgoblin!
The goblin hits you with a +0 club.
* * * LOW HITPOINT WARNING * * *
Robin throws the goblin at you!
You closely miss the goblin. You hit the goblin.
You kill the goblin!
The goblin hits you but does no damage.
Robin roars a battlecry!
The goblin goes into a battle-frenzy!
You slash the goblin!
You kill the goblin!
Robin throws the goblin at you! You block the goblin's attack.
The goblin hits you but does no damage. You block the goblin's attack.
You slash the goblin!
You kill the goblin!
You closely miss the goblin. The goblin hits you but does no damage.
You slice Robin!!
You kill Robin!
You barely miss the goblin. You block the goblin's attack.
The goblin hits you but does no damage.
The ball python bites you but does no damage.
You block the ball python's attack.
You barely miss the ball python. You closely miss the goblin.
You feel a little less mighty now.
The ball python bites you but does no damage.
The ball python grabs you. The ball python constricts you.
The goblin hits you with a +0 dagger.
You die...

..##...#............)...♣P.P♣#.#.
..##...############..###♣♣.♣♣..##
..##(..##### #............#
...'.......#### #.##.........##
...#..........# #..............
##.#..........# ####.#.##.#..##
#.#..........# #...#.......
#.#...###....########.#.#...<...
..+...'......[S♣g.......#####>#.
#.#...###'###########.. ........
..#...##...ggg... ...#..##
#+#...##.g.g..... ........
..#####...gg.g.. .#.#...| ...
###.....g. ...#.... .... .#####.
. ###.. .. .. #.. #. #..


You could see a goblin (strong) and a ball python.

Vanquished Creatures
  Robin (D:2)
  An adder skeleton (D:2)
  A dart slug (D:1)
  3 bats
  2 endoplasms (D:2)
  4 giant cockroaches
  3 hobgoblins (D:2)
  3 kobolds
  A quokka (D:2)
  4 ball pythons
  2 frilled lizards
  12 goblins
37 creatures vanquished.

Vanquished Creatures (others)
  9 plants (D:2)
9 creatures vanquished.

Grand Total: 46 creatures vanquished

Notes
Turn   | Place    | Note
-------+----------+-------------------------------------------
     0 | D:1      | leviel the Minotaur Fighter began the quest for the Orb.
     0 | D:1      | Reached XP level 1. HP: 19/19 MP: 0/0
   252 | D:1      | Reached skill level 4 in Fighting
   257 | D:1      | Reached XP level 2. HP: 27/28 MP: 1/1
   265 | D:1      | Found a faded altar of an unknown god.
   324 | D:1      | You fall into a shaft and drop 1 floor!
   425 | D:2      | Reached skill level 5 in Fighting
   621 | D:2      | Reached XP level 3. HP: 32/36 MP: 2/2
   876 | D:2      | Noticed Robin
   895 | D:2      | HP: 2/54 [goblin/+0 dagger[Robin] (1)]
   901 | D:2      | HP: 2/54 [goblin/+0 club[Robin] (1)]
   905 | D:2      | Killed Robin
   906 | D:2      | Slain by a goblin

Illustrated notes

Levels and vault maps discovered:
D:1:      dpeg_arrival_round_b, layout_basic,
          hellmonk_ecumenical_altar_arch_garden
D:2:      layout_basic, serial_forest, infiniplex_forest_clump_double,
          infiniplex_forest_lined_room_3, infiniplex_forest_straight_4,
          infiniplex_forest_lined_3, infiniplex_forest_lined_corner,
          kennysheep_generic_room_4, uniq_robin

Skill      XL: |  1  2 |
---------------+-------+-----
Fighting       | 4 5 |  5.7
Axes           | |  2.4
Armour         | |  3.6
Shields        | |  3.6

Action                   || total
-------------------------++-------
Melee: War axe           ||    71
       Headbutt          ||     7
  Use: Potion            ||     2
Armor: Scale mail        ||    22
       Skin              ||    15
Dodge: Dodged            ||    17
Block: Kite shield       ||    39

Table legend: (Time is in decaauts)
 A = Elapsed time spent in this place.
 B = Non-inter-level travel time spent in this place.
 C = Inter-level travel time spent in this place.
 D = Time resting spent in this place.
 E = Time spent auto-exploring this place.
 F = Levels seen in this place.
 G = Mean time per level.
                   A        B        C        D        E       F      G
               +--------+--------+--------+--------+--------+-----+--------+
         Total |    948 |    948 |      0 |      0 |    758 |   2 |  474.0 |
       Dungeon |    948 |    948 |      0 |      0 |    758 |   2 |  474.0 |
               +--------+--------+--------+--------+--------+-----+--------+

Top non-repeatable levels by time:
     D:2: 611 daAuts
     D:1: 337 daAuts
